 Dungeon Crawl Stone Soup version 0.29-a0-559-g359e09b9d1 (webtiles) character file.

Game seed: 9421862221008537695

60 Heedrag the Skirmisher (level 3, -1/33 HPs)
             Began as a Minotaur Fighter on June 9, 2022.
             Slain by an orc wizard
             ... wielding a +0 dagger
              (2 damage)
             ... on level 3 of the Dungeon.
             The game lasted 00:02:19 (1821 turns).

Heedrag the Skirmisher (Minotaur Fighter)           Turns: 1821, Time: 00:02:19

Health: -1/33      AC:  5    Str: 20    XL:     3   Next: 82%
Magic:  2/2        EV:  7    Int:  5    God:
Gold:   123        SH:  0    Dex: 11    Spells: 2/2 levels left

rFire   . . .      SeeInvis .   a - +0 war axe
rCold   . . .      Faith    .   c - +0 buckler
rNeg    . . .      Spirit   .   i - +0 chain mail
rPois   .          Reflect  .   (helmet restricted)
rElec   .          Harm     .   (no cloak)
rCorr   .          Rampage  .   (no gloves)
Will    .....                   (no boots)
Stlth   ..........              (no amulet)
HPRegen 0.11/turn               (no ring)
MPRegen 0.08/turn               (no ring)

@: confused
A: horns 2, retaliatory headbutt, deformed body
a: no special abilities


You were on level 3 of the Dungeon.
You visited 1 branch of the dungeon, and saw 3 of its levels.

You collected 123 gold pieces.

Inventory:

Hand Weapons
 a - a +0 war axe (weapon)
Missiles
 m - 2 poisoned darts (quivered)
 o - 5 silver javelins
Armour
 c - a +0 buckler (worn)
 i - a +0 chain mail (worn)
   (You found it on level 2 of the Dungeon)
Wands
 d - a wand of iceblast (7)
   (You found it on level 2 of the Dungeon)
Scrolls
 b - 2 scrolls of enchant weapon {unknown}
 e - 4 scrolls of teleportation {unknown}
 g - a scroll of fog {unknown}
 k - a scroll of noise {unknown}
 n - a scroll of magic mapping {unknown}
Potions
 f - a potion of attraction {unknown}
 h - a potion of might
 j - a potion of mutation {!q}
 l - a potion of curing {unknown}


   Skills:
 + Level 4.0 Fighting
 * Level 3.5 Axes
 + Level 0.2 Throwing
 + Level 4.0 Armour
 + Level 1.2 Dodging
 + Level 4.0 Shields


You had 2 spell levels left.
You didn't know any spells.
Your spell library contained the following spells:

 Spells                   Type           Power      Damage    Failure   Level
 Sandblast                Erth           0%         2d4       100%        1
 Passwall                 Tmut/Erth      0%         N/A       100%        2
 Stone Arrow              Conj/Erth      0%         3d7       100%        3


Dungeon Overview and Level Annotations

Branches:
Dungeon (3/15)

Altars:
Qazlal
The Shining One


Innate Abilities, Weirdness & Mutations

You have a pair of horns on your head.
You reflexively headbutt those who attack you in melee.
Armour fits poorly on your strangely shaped body.


Message History

You barely miss something. Your headbutt misses something.
You closely miss something. You hit the orc but do no damage.
You hear some strange, mumbled words.
A magic dart appears from out of thin air!
The magic dart hits you but does no damage.
Something hits you.
* * * LOW HITPOINT WARNING * * *
The orc hits you with a +0 dagger.
* * * LOW HITPOINT WARNING * * *
You barely miss the orc. You hit something but do no damage.
You completely miss something.
An orc wizard appears from thin air!
Reactivating autopickup.
The orc wizard hits you but does no damage.
Something hits you but does no damage.
Deactivating autopickup; reactivate with Ctrl-A.
The orc hits you but does no damage. The orc wizard barely misses you.
Something hits you.
* * * LOW HITPOINT WARNING * * *
The orc hits you but does no damage. The orc attacks as you move away!
The orc barely misses you. Something hits you but does no damage.
The orc wizard hits you but does no damage.
Something hits you.
* * * LOW HITPOINT WARNING * * *
An endoplasm comes into view.
The endoplasm quivers.
You barely miss the orc wizard. You hit the endoplasm. You miss something.
You feel less confused.
The orc wizard hits you with a +0 dagger.
* * * LOW HITPOINT WARNING * * *
You hear some strange, mumbled words.
A magic dart appears from out of thin air!
The magic dart hits you.
* * * LOW HITPOINT WARNING * * *
You block the endoplasm's attack.
Unknown command.
You closely miss the orc wizard. You hit the orc.
You hit the endoplasm but do no damage. You hit something but do no damage.
The orc wizard hits you with a +0 dagger.
* * * LOW HITPOINT WARNING * * *
You hear some strange, mumbled words.
You are confused.
The endoplasm freezes you.
You are frozen.
* * * LOW HITPOINT WARNING * * *
The orc hits you but does no damage.
It was a potion of mutation.
You feel extremely strange.
Your body twists and deforms.
The orc wizard hits you with a +0 dagger.
You die...

#.. #.#####
#.....# #.....#
#).o..# #
#.##### #.
#.)...# #
##..##.{oo.#.###
.......<@J..J.!.
................
....##..###..###
!... #.)# ..#
... ..... ...
....≈≈.... ..#
...§≈≈≈.... #
.#≈#≈≈#≈....
#≈≈§§#......


You could see an orc wizard, an orc and 2 endoplasms.

Vanquished Creatures
  A gnoll (D:1)
  A worm (D:2)
  A dart slug (D:1)
  2 orcs (D:3)
  5 ball pythons
  3 endoplasms
  A giant cockroach (D:1)
  2 goblins
  2 hobgoblins
  2 jackals (D:1)
  4 kobolds
  4 quokkas (D:1)
  4 bats (D:1)
  5 frilled lizards
  4 rats
41 creatures vanquished.

Vanquished Creatures (others)
  A plant (D:1)
1 creature vanquished.

Grand Total: 42 creatures vanquished

Notes
Turn   | Place    | Note
-------+----------+-------------------------------------------
     0 | D:1      | Heedrag the Minotaur Fighter began the quest for the Orb.
     0 | D:1      | Reached XP level 1. HP: 19/19 MP: 0/0
   119 | D:1      | Reached XP level 2. HP: 14/27 MP: 1/1
   606 | D:1      | Reached skill level 1 in Dodging
   609 | D:1      | Reached XP level 3. HP: 26/33 MP: 2/2
   754 | D:1      | Found a faded altar of an unknown god.
  1195 | D:2      | Found a glowing golden altar of the Shining One.
  1803 | D:3      | Found a stormy altar of Qazlal.
  1820 | D:3      | HP: 1/33 [frozen (2)]
  1821 | D:3      | Gained mutation: Armour fits poorly on your strangely
                  | shaped body. [potion of mutation]
  1821 | D:3      | Slain by an orc wizard

Illustrated notes

Levels and vault maps discovered:
D:1:      wander_arrival_chamber, layout_loops_corners,
          shapermc_ecumenical_altar_mp_urbaneastern, kennysheep_small_spiral,
          serial_bayou_ford_a
D:2:      layout_rooms, basic_altar
D:3:      layout_basic, nicolae_qazlal_general_emergency, dk_yredelemnul_ordeal,
          uniq_jessica

Skill      XL: |  1  2  3 |
---------------+----------+-----
Axes           | 3 |  3.5
Dodging        | 1 |  1.2
Fighting       | 4 |  4.0
Shields        | 4 |  4.0
Armour         | 4 |  4.0
Throwing       | |  0.2

Action                   || total
-------------------------++-------
Melee: War axe           ||    79
       Headbutt          ||     5
  Use: Potion            ||     1
Armor: Scale mail        ||    17
       Chain mail        ||    37
Dodge: Dodged            ||    37
Block: Buckler           ||    25

Table legend: (Time is in decaauts)
 A = Elapsed time spent in this place.
 B = Non-inter-level travel time spent in this place.
 C = Inter-level travel time spent in this place.
 D = Time resting spent in this place.
 E = Time spent auto-exploring this place.
 F = Levels seen in this place.
 G = Mean time per level.
                   A        B        C        D        E       F      G
               +--------+--------+--------+--------+--------+-----+--------+
         Total |   1857 |   1784 |     73 |      8 |   1470 |   3 |  619.0 |
       Dungeon |   1857 |   1784 |     73 |      8 |   1470 |   3 |  619.0 |
               +--------+--------+--------+--------+--------+-----+--------+

Top non-repeatable levels by time:
     D:1: 1206 daAuts
     D:2: 618 daAuts
     D:3: 33 daAuts
